 Dungeon Crawl Stone Soup version 0.20.0-8-g6b59dc7 (webtiles) character file.

149 MDvedh the Ruffian (level 5, 0/48 HPs)
             Began as a Troll Hunter on May 30, 2017.
             Was an Initiate of Qazlal.
             Slain by an orc wizard
             ... wielding a +0 dagger
              (5 damage)
             ... on level 4 of the Dungeon.
             The game lasted 00:03:52 (2079 turns).

MDvedh the Ruffian (Troll Hunter)                   Turns: 2079, Time: 00:03:52

Health: 0/48       AC:  6    Str: 21    XL:     5   Next: 9%
Magic:  2/4        EV: 10    Int:  7    God:    Qazlal [......]
Gold:   46         SH:  0    Dex: 10    Spells: 4/4 levels left

rFire    . . .     SeeInvis .     - Unarmed
rCold    . . .     Gourm    +   (no shield)
rNeg     . . .     Faith    .   a - +0 robe (curse)
rPois    .         Spirit   .   (helmet restricted)
rElec    .         Reflect  .   t - +0 cloak
rCorr    .         Harm     .   (gloves unavailable)
MR       +....                  (boots unavailable)
Stlth    +.........             (no amulet)
Regen    0.6/turn               (no ring)
MPRegen  0.1/turn               q - ring of protection from magic

@: slowed, very slow
A: unfitting armour, claws 3, fast metabolism 3, gourmand, regeneration 1,
shaggy fur 1, tough skin 2
a: Renounce Religion


You were on level 4 of the Dungeon.
You worshipped Qazlal.
Qazlal was noncommittal.
You were full.

You visited 1 branch of the dungeon, and saw 4 of its levels.

You collected 46 gold pieces.

Inventory:

Missiles
 c - 5 large rocks (quivered)
 d - 2 throwing nets
Armour
 a - a cursed +0 robe (worn)
 t - a +0 cloak (worn)
Jewellery
 k - an uncursed ring of fire
 q - a ring of protection from magic (right claw)
 u - a +5 amulet of reflection {unknown}
Scrolls
 e - a scroll of remove curse {unknown}
 h - 2 scrolls of identify
 l - 4 scrolls of teleportation {unknown}
 m - 2 scrolls of amnesia {unknown}
 r - a scroll of noise {unknown}
Potions
 b - a potion of resistance {unknown}
 g - a potion of brilliance
 i - a potion of agility {unknown}
 j - a potion of haste {unknown}
 n - a potion of invisibility {unknown}
 o - a potion of berserk rage {unknown}
 p - a potion of mutation {unknown}
 s - a potion of heal wounds
 v - a potion of degeneration {unknown}
Comestibles
 f - 6 bread rations


   Skills:
 - Level 1.5 Fighting
 - Level 3.6 Throwing
 - Level 1.5 Dodging
 - Level 0.3 Stealth
 + Level 4.8 Unarmed Combat


You had 4 spell levels left.
You didn't know any spells.

Dungeon Overview and Level Annotations

Branches:
Dungeon (4/15)
 Temple: D:4-7

Altars:
Okawaru
Qazlal


Innate Abilities, Weirdness & Mutations

You are too large for most types of armour.
You have claws for hands.
Your metabolism is lightning-fast.
You like to eat raw meat.
Your natural rate of healing is unusually fast.
You are covered in fur. (AC +1)
You have very tough skin. (AC +2)


Message History

The magic dart hits you!
* * * LOW HITPOINT WARNING * * *
The orc wizard hits you but does no damage.
You scratch the orc wizard.
The orc wizard is heavily wounded.
The orc wizard gestures wildly while chanting.
The orc wizard seems to speed up.
The orc wizard hits you but does no damage. x2
Unknown command.
You barely miss the orc wizard.
The orc wizard is heavily wounded.
The orc wizard points at you and mumbles some strange words.
The magic dart hits you!
* * * LOW HITPOINT WARNING * * *
The orc wizard hits you with a dagger.
* * * LOW HITPOINT WARNING * * *
The orc wizard barely misses you. The orc wizard hits you with a dagger.
* * * LOW HITPOINT WARNING * * *
The orc wizard hits you with a dagger.
You die...

'....# ####)...# ##..#).o.# #..
#...#o...# #... #...'o...# +...
#..o#....# #.. ##..#....###
.####..###..###....#
............o@)....#
............oo#....#
..............#....#
##########.####..# ....
.........#.####..# ###
.........'........#
.........#........#
.........#######################
#####'##................#..##..#


You could see 3 orc wizards.

Vanquished Creatures
  An orc priest (D:4)
  4 adders
  2 worms
  2 dart slugs
  9 orcs
  4 giant cockroaches (D:2)
  8 goblins
  6 hobgoblins
  2 jackals (D:2)
  A quokka (D:2)
  5 bats
  7 frilled lizards
  10 kobolds
  2 rats (D:1)
63 creatures vanquished.

Notes
Turn   | Place    | Note
-------+----------+-------------------------------------------
     0 | D:1      | MDvedh the Troll Hunter began the quest for the Orb.
     0 | D:1      | Reached XP level 1. HP: 19/19 MP: 0/0
   113 | D:1      | Reached skill level 1 in Unarmed Combat
   197 | D:1      | Reached XP level 2. HP: 27/27 MP: 1/1
   266 | D:1      | Reached skill level 2 in Unarmed Combat
   732 | D:2      | Reached XP level 3. HP: 24/33 MP: 2/2
   827 | D:2      | Reached skill level 3 in Unarmed Combat
  1030 | D:2      | Found a stormy altar of Qazlal.
  1318 | D:2      | Reached XP level 4. HP: 13/41 MP: 3/3
  1391 | D:3      | Found an iron altar of Okawaru.
  1485 | D:2      | Became a worshipper of Qazlal Stormbringer
  1526 | D:3      | Reached skill level 4 in Unarmed Combat
  2066 | D:4      | Reached XP level 5. HP: 41/48 MP: 4/4
  2079 | D:4      | Slain by an orc wizard

Skill      XL: |  1  2  3  4 |
---------------+-------------+-----
Unarmed Combat | 1 2 3 4 |  4.8
Fighting       | |  1.5
Throwing       | |  3.6
Dodging        | |  1.5
Stealth        | |  0.3

Action                   |  1- 3 |  4- 6 || total
-------------------------+-------+-------++-------
Melee: Unarmed           |   107 |    61 ||   168
       Punch             |     1 |       ||     1
  Use: Scroll            |       |     2 ||     2
       Potion            |       |     1 ||     1
 Stab: Sleeping          |     2 |       ||     2
  Eat: Chunk             |    10 |     6 ||    16
       Bread ration      |       |     1 ||     1
Armor: Robe              |    31 |    32 ||    63
Dodge: Dodged            |    56 |    37 ||    93
